Map: Romanticide LE

Players

maru

  • Race: Terran Terran
  • Spawn Location: 5:00

Serral - Winner!

  • Race: Zerg Zerg
  • Spawn Location: 11:00

Event: TSL 6

VOD

Have the link to the VOD?

Description

Time

  • Played on: Dec. 13, 2020, 3:56 p.m.
  • Length: 22:14

All games in this series

Show
View Real Time Build Order
Export as new Build Order

maru Terran 

Build Orders: Reaper Expand 

Get SALT Encoding   

  12  0:00  SCV  
  13  0:12  SCV  
  14  0:16  Supply Depot  
  14  0:24  SCV  
  15  0:38  SCV  
  15  0:39  Barracks  
  16  0:43  Refinery  
  16  0:50  SCV  
  17  1:02  SCV  
  18  1:14  SCV  
  19  1:27  Orbital Command, Reaper  
  20  1:38  Command Center  
  20  1:50  Supply Depot  
  20  1:53  SCV  
  21  1:58  Marine  
  22  2:04  Factory  
  22  2:05  SCV  
  23  2:18  SCV  
  23  2:20  Barracks Reactor  
  24  2:30  SCV  
  25  2:38  Command Center  
  25  2:42  SCV  
  26  2:51  Orbital Command  
  26  2:55  Barracks  
  26  2:56  SCV  
  31  3:05  Hellion  
  31  3:06  Hellion  
  31  3:08  SCV  
  31  3:12  Barracks Tech Lab  
  32  3:16  SCV  
  33  3:21  SCV  
  38  3:27  Hellion x2  
  38  3:29  SCV  
  38  3:33  Stimpack, SCV, Marine  
  41  3:41  SCV  
  42  3:50  SCV  
  42  3:51  Refinery  
  42  3:54  Orbital Command  
  43  3:56  Starport  
  43  3:58  SCV  
  43  3:59  Marine x3  
  43  4:02  SCV  
  48  4:03  Factory Reactor  
  48  4:10  SCV  
  48  4:14  SCV  
  48  4:15  Refinery  
  50  4:19  Orbital Command, Marine x2  
  50  4:20  Marine  
  50  4:21  Supply Depot  
  50  4:22  SCV  
  54  4:26  SCV  
  55  4:35  SCV  
  55  4:37  Marine x3  
  59  4:38  SCV  
  59  4:43  Medivac x2  
  59  4:44  Supply Depot  
  59  4:45  Supply Depot, SCV  
  65  4:47  SCV  
  65  4:50  SCV  
  65  4:51  Engineering Bay x2  
  67  4:57  Marine x2  
  67  4:58  Factory Reactor  
  69  5:05  Marine  
  69  5:06  SCV x3  
  69  5:17  Marine  
  69  5:18  SCV x3, Marine  
  69  5:19  Medivac x2  
  74  5:23  Marine  
  74  5:26  Factory Tech Lab  
  70  5:32  Combat Shield  
  69  5:40  SCV x2, Marine x2  
  67  5:49  Viking  
  66  6:02  Supply Depot x2  
  64  6:10  Orbital Command  
  63  6:18  Orbital Command  
  62  6:33  Supply Depot, Marine x2  
  62  6:34  Siege Tank, SCV  
  68  6:40  Engineering Bay  
  68  6:42  SCV  
  68  6:43  Engineering Bay  
  68  6:45  Supply Depot  
  69  6:54  SCV x2, Marine x2  
  69  7:01  SCV  
  74  7:10  Supply Depot, Terran Infantry Weapons Level 1, Terran Infantry Armor Level 1, Siege Tank  
  74  7:11  Supply Depot  
  74  7:12  SCV x2  
  79  7:16  SCV  
  79  7:18  Refinery  
  80  7:24  SCV x2  
  80  7:28  SCV, Marine  
  80  7:29  Marine  
  83  7:35  Medivac, Marine  
  83  7:36  SCV x2  
  88  7:40  Refinery, SCV  
  88  7:41  Barracks x2  
  88  7:43  Barracks  
  89  7:46  Siege Tank  
  89  7:48  SCV x2  
  94  7:52  SCV, Marine  
  94  7:56  Supply Depot  
  94  7:58  Supply Depot  
  96  8:00  SCV  
  96  8:01  SCV  
  96  8:04  SCV  
  96  8:07  Marine  
  96  8:08  Marauder  
  96  8:11  Armory  
  99  8:13  Factory, SCV x2  
  99  8:18  SCV  
  102  8:21  Supply Depot  
  102  8:22  Siege Tank  
  102  8:23  Supply Depot  
  102  8:25  SCV x2  
  107  8:30  SCV  
  104  8:34  Marauder, Marine x2  
  104  8:35  Barracks Reactor x2  
  104  8:37  SCV  
  104  8:38  SCV  
  105  8:42  Command Center, SCV  
  105  8:43  Refinery x2  
  106  8:49  SCV  
  106  8:50  Barracks Reactor  
  106  8:51  SCV  
  106  8:55  Missile Turret  
  106  8:56  Marauder, Marine x2  
  106  9:02  SCV x2  
  112  9:05  Siege Tank  
  115  9:14  Marine x2  
  115  9:16  Factory Tech Lab  
  117  9:17  Marine x4  
  117  9:18  Marauder  
  117  9:21  Terran Vehicle Weapons Level 1  
  117  9:22  SCV  
  117  9:23  SCV x2  
  126  9:27  Missile Turret  
  126  9:29  Missile Turret  
  126  9:30  Supply Depot  
  126  9:31  Concussive Shells  
  126  9:36  Siege Tank  
  126  9:37  Siege Tank, Marine  
  133  9:44  Marine  
  133  9:46  Terran Infantry Armor Level 2, Terran Infantry Weapons Level 2  
  133  9:51  Marine x4  
  137  9:57  Marauder, Marine x2  
  141  10:00  Supply Depot  
  141  10:01  SCV x3  
  141  10:04  Supply Depot  
  144  10:08  Siege Tank  
  147  10:14  Marine x2  
  147  10:15  Marine  
  147  10:19  Marauder  
  152  10:27  Sensor Tower  
  152  10:28  Supply Depot  
  152  10:29  Missile Turret  
  152  10:32  Planetary Fortress  
  152  10:37  Marine  
  152  10:40  Marauder  
  156  10:42  SCV  
  156  10:48  Marine x2  
  156  10:49  Siege Tank  
  162  10:50  Medivac x2, Siege Tank  
  162  10:54  Supply Depot  
  162  10:55  Supply Depot  
  163  11:02  Marauder  
  164  11:06  Marine x2  
  165  11:11  Barracks  
  165  11:12  Supply Depot, Barracks x2  
  165  11:19  Marine x3  
  165  11:23  Marauder  
  165  11:24  Siege Tank  
  167  11:26  Medivac x2  
  171  11:33  Command Center, Refinery  
  171  11:34  Refinery  
  171  11:44  Marauder, Marine x7  
  171  11:45  Siege Tank  
  183  11:56  Medivac x2  
  186  12:04  Armory  
  186  12:06  Marauder  
  186  12:08  Barracks Tech Lab  
  188  12:09  Barracks Tech Lab  
  188  12:11  Terran Infantry Weapons Level 3, Barracks Tech Lab, Terran Infantry Armor Level 3  
  188  12:14  Command Center  
  187  12:27  Marauder  
  189  12:30  Terran Vehicle Weapons Level 2  
  189  12:39  Ghost Academy  
  189  12:43  Marauder  
  189  12:49  Sensor Tower  
  189  12:53  Command Center  
  189  12:54  Terran Vehicle And Ship Armor Level 1  
  189  12:55  Marauder x2  
  189  12:56  Siege Tank  
  196  13:12  Ghost x2  
  195  13:16  Ghost  
  195  13:17  Ghost  
  195  13:18  Marine x2  
  190  13:26  Sensor Tower  
  190  13:31  Planetary Fortress  
  190  13:35  Missile Turret  
  190  13:36  Missile Turret  
  190  13:40  Orbital Command  
  190  13:41  Missile Turret, Ghost x2  
  190  13:44  Ghost  
  190  13:46  Personal Cloaking  
  190  13:48  Sensor Tower  
  196  13:57  Marine  
  196  13:59  Marine  
  196  14:01  Marine  
  196  14:02  Marauder  
  186  14:06  SCV x2  
  186  14:08  Siege Tank x2  
  186  14:09  Medivac  
  178  14:10  Marauder  
  178  14:12  Ghost  
  178  14:13  Marine x5  
  178  14:14  Marine  
  188  14:17  Refinery  
  188  14:18  Refinery  
  188  14:19  SCV  
  188  14:20  SCV x3  
  192  14:25  Missile Turret  
  192  14:26  Command Center  
  192  14:29  Sensor Tower  
  192  14:44  Planetary Fortress  
  192  14:48  Ghost x2  
  192  14:50  Terran Vehicle And Ship Armor Level 2  
  196  14:58  Unknown  
  196  15:01  Ghost x2  
  196  15:03  Sensor Tower  
  185  15:17  Ghost x2, Marine  
  180  15:23  Siege Tank  
  180  15:24  Medivac  
  185  15:30  Ghost  
  185  15:34  Marauder, Marine x7  
  196  15:41  Sensor Tower  
  190  15:44  Siege Tank  
  190  15:46  Marauder  
  195  15:51  Command Center  
  195  15:55  Siege Tank  
  198  16:05  Missile Turret  
  190  16:16  Siege Tank  
  166  16:26  Ghost x2  
  168  16:33  Ghost  
  168  16:37  SCV x3  
  168  16:38  SCV x2  
  175  16:47  Planetary Fortress  
  175  16:49  SCV  
  182  16:55  Viking x2  
  182  16:58  Thor x2  
  182  16:59  Ghost  
  182  17:00  Ghost x2, Marine  
  182  17:01  Ghost, Marine x3  
  179  17:24  Viking, Marine  
  179  17:25  Marine x6, Viking  
  179  17:28  Ghost x3  
  187  17:30  Ghost  
  183  17:41  Terran Vehicle Weapons Level 3, Siege Tank  
  167  17:54  Marine  
  167  17:55  Viking x2, Marine x4  
  167  17:57  Ghost x2  
  167  18:02  SCV x3  
  167  18:05  Siege Tank  
  172  18:08  Marine  
  172  18:09  Marauder x2  
  177  18:13  Siege Tank  
  154  18:43  Marine  
  154  18:44  Marauder  
  113  18:51  Ghost  
  113  18:52  Ghost x2  
  113  18:53  Marine x6  
  113  18:55  Viking x2  
  112  18:56  Orbital Command  
  109  19:04  Marine  
  109  19:05  Ghost, Marine  
  109  19:07  SCV x3  
  116  19:10  Supply Depot, Marine  
  116  19:11  Marine x2  
  117  19:19  SCV  
  117  19:20  Ghost x2  
  117  19:23  Ghost  
  122  19:33  Ghost  
  122  19:36  Liberator x2  
  122  19:37  Siege Tank x2  
  136  19:43  Marine  
  136  19:44  Marine x2  
  139  19:48  Ghost  
  139  19:49  Marauder  
  143  19:53  Sensor Tower  
  143  20:06  Marauder x2  
  147  20:10  Missile Turret  
  141  20:31  Siege Tank x2  
  147  20:36  Marine  
  147  20:37  Marauder x3, Marine x5  
  119  21:00  Marauder, Marine  
  119  21:01  Marauder x2, Marine x5  
  119  21:03  Marine  
  119  21:04  Marauder  
  124  21:08  Marine  
  122  21:12  Liberator  
  119  21:18  Marine  
  119  21:19  Marine x3  
  119  21:22  Marauder x3, Marine x3  
  119  21:25  Marauder, Siege Tank  
  126  21:36  Siege Tank  
  126  21:37  Marine x2  
  131  21:43  Marauder  
  131  21:44  Marauder  
  135  21:53  Marine  
  135  21:54  Marine x4  
Show
View Real Time Build Order
Export as new Build Order

Serral Zerg - Winner!

Build Orders: Hatch First, Ravager All-In 

Get SALT Encoding   

  12  0:01  Drone  
  13  0:13  Overlord  
  13  0:17  Drone  
  14  0:31  Drone  
  14  0:32  Drone  
  16  0:48  Hatchery  
  15  0:52  Drone  
  15  0:55  Drone  
  17  0:58  Drone  
  18  1:09  Extractor  
  17  1:13  Spawning Pool  
  17  1:16  Drone  
  17  1:20  Drone  
  18  1:28  Drone  
  19  1:39  Drone  
  20  1:49  Drone  
  21  2:00  Queen x2  
  26  2:01  Zergling x4  
  27  2:11  Overlord  
  27  2:12  Drone  
  28  2:23  Hatchery  
  28  2:26  Drone  
  28  2:30  Metabolic Boost  
  28  2:34  Drone  
  28  2:35  Drone  
  30  2:39  Drone  
  30  2:45  Queen  
  30  2:50  Overlord  
  32  2:53  Drone  
  32  2:55  Drone  
  32  2:57  Drone  
  35  3:10  Drone x2  
  35  3:11  Overlord, Drone x2  
  39  3:15  Drone  
  39  3:18  Drone  
  41  3:21  Queen  
  41  3:26  Roach Warren  
  42  3:29  Extractor, Drone  
  42  3:31  Drone  
  43  3:35  Drone  
  44  3:41  Drone  
  44  3:42  Drone x3  
  44  3:44  Extractor  
  44  3:45  Overlord  
  47  3:49  Drone x2  
  47  3:53  Overlord  
  49  3:57  Overlord  
  49  4:06  Roach x4  
  57  4:10  Roach  
  57  4:12  Roach  
  57  4:15  Roach  
  65  4:17  Roach  
  65  4:20  Roach  
  65  4:21  Roach  
  69  4:27  Zergling x6  
  72  4:31  Overlord  
  72  4:34  Zergling x4  
  72  4:35  Ravager  
  72  4:36  Ravager  
  76  4:39  Zergling x2  
  76  4:40  Zergling x4  
  76  4:44  Ravager  
  80  4:51  Overlord, Ravager  
  81  4:54  Zergling x10  
  81  4:59  Overlord, Ravager  
  87  5:03  Zergling x4  
  89  5:10  Zergling x2  
  89  5:11  Zergling x10  
  94  5:16  Overlord  
  94  5:19  Overlord  
  92  5:26  Zergling x10  
  90  5:38  Ravager x2  
  90  5:42  Zergling x10  
  97  5:45  Ravager x3  
  100  5:56  Zergling x10  
  94  6:06  Drone  
  94  6:07  Lair, Drone x4  
  94  6:10  Drone x2  
  101  6:14  Drone x2  
  102  6:20  Drone x2  
  102  6:22  Overlord  
  104  6:29  Overlord  
  104  6:33  Drone x3, Evolution Chamber  
  104  6:34  Evolution Chamber  
  104  6:35  Drone x3  
  106  6:44  Drone x2  
  106  6:46  Roach  
  106  6:47  Roach x2  
  114  6:52  Roach x3  
  120  6:57  Spore Crawler  
  120  6:59  Drone  
  120  7:01  Zerg Ground Armor Level 1, Zerg Missile Weapons Level 1  
  120  7:02  Drone x4  
  120  7:05  Drone x3  
  120  7:06  Drone  
  128  7:08  Drone  
  128  7:10  Glial Reconstitution  
  128  7:12  Extractor  
  128  7:15  Overlord  
  128  7:16  Overlord  
  128  7:17  Drone x2  
  128  7:20  Extractor  
  128  7:22  Extractor  
  128  7:30  Roach  
  128  7:35  Overlord x3, Hatchery  
  129  7:38  Pneumatized Carapace  
  129  7:44  Overlord  
  129  7:47  Overlord  
  129  7:48  Overlord  
  129  7:51  Drone x3  
  132  7:52  Roach x3  
  132  7:56  Baneling Nest  
  132  7:57  Roach x2  
  134  8:06  Ravager  
  134  8:07  Overlord  
  134  8:08  Roach x5  
  145  8:14  Roach  
  145  8:15  Roach x2  
  145  8:17  Overlord  
  151  8:22  Burrow  
  148  8:28  Tunneling Claws  
  148  8:31  Drone x3  
  148  8:32  Drone x3  
  151  8:35  Infestation Pit  
  151  8:37  Drone  
  151  8:39  Centrifical Hooks  
  151  8:42  Ravager x2  
  151  8:43  Drone x4  
  151  8:44  Overlord  
  151  8:47  Overlord  
  157  8:51  Drone x4  
  161  9:01  Zerg Melee Weapons Level 1, Zerg Ground Armor Level 2  
  161  9:03  Ravager  
  161  9:09  Drone  
  163  9:10  Extractor  
  163  9:11  Queen  
  163  9:16  Hatchery  
  163  9:17  Hive  
  163  9:19  Ravager x2  
  163  9:20  Zergling x10  
  170  9:24  Baneling x3  
  170  9:25  Baneling  
  170  9:29  Drone  
  170  9:35  Zergling x26  
  183  9:42  Overlord  
  177  9:51  Overlord  
  177  9:55  Ravager x3  
  177  9:56  Zergling x12, Ravager x3  
  177  9:57  Zergling x8  
  193  10:05  Baneling  
  193  10:06  Baneling x10  
  193  10:07  Overlord x2  
  193  10:08  Overlord  
  193  10:11  Overseer  
  193  10:13  Overseer  
  191  10:23  Roach x8  
  191  10:25  Hatchery  
  191  10:27  Zergling x10  
  200  10:32  Adrenal Glands  
  200  10:33  Ultralisk Cavern  
  187  10:52  Viper  
  187  10:53  Viper  
  192  11:05  Drone x3  
  192  11:06  Drone x5  
  192  11:09  Zerg Melee Weapons Level 2  
  199  11:12  Spore Crawler  
  198  11:21  Chitinous Plating  
  195  11:29  Zergling x8  
  195  11:31  Baneling x4  
  195  11:32  Baneling x3  
  199  11:40  Extractor  
  199  11:41  Drone  
  199  11:45  Zerg Ground Armor Level 3  
  199  11:48  Spine Crawler, Spore Crawler  
  198  11:59  Hatchery  
  197  12:08  Pathogen Glands, Spire  
  197  12:09  Drone x2  
  197  12:13  Drone  
  199  12:16  Hatchery  
  195  12:27  Baneling x12  
  194  12:33  Baneling  
  194  12:35  Drone x2  
  194  12:36  Hatchery, Drone x2  
  195  12:40  Anabolic Synthesis  
  195  12:41  Zergling x16  
  199  12:49  Overlord  
  199  13:03  Zergling x8  
  195  13:17  Zergling x4  
  195  13:18  Zergling x20  
  195  13:28  Zergling x10  
  200  13:36  Baneling x11  
  200  13:37  Greater Spire, Baneling  
  200  13:38  Zerg Missile Weapons Level 2, Spire  
  200  13:39  Overseer  
  199  13:48  Unknown  
  179  14:09  Zergling x2  
  176  14:10  Zergling x36  
  187  14:22  Neural Parasite, Zerg Melee Weapons Level 3  
  187  14:25  Extractor, Spine Crawler  
  187  14:26  Extractor, Spore Crawler, Drone x2  
  187  14:27  Drone x3  
  187  14:28  Spore Crawler, Drone  
  187  14:29  Infestor x2, Spore Crawler  
  187  14:31  Zergling x4, Baneling x9  
  191  14:32  Zergling x14  
  191  14:37  Hatchery  
  198  14:40  Baneling x6  
  198  14:52  Baneling  
  198  14:53  Baneling x7  
  198  14:56  Infestor x2  
  180  15:21  Zergling x44  
  178  15:25  Corruptor x8  
  178  15:28  Infestor x2  
  194  15:30  Baneling x3  
  194  15:31  Baneling x9  
  194  15:33  Spore Crawler x3  
  195  15:36  Zerg Flyer Weapons Level 1, Zerg Flyer Armor Level 1  
  190  15:53  Roach x4  
  190  15:56  Baneling x6  
  190  15:57  Corruptor x2  
  190  15:58  Corruptor x2  
  190  15:59  Overseer  
  190  16:00  Overseer  
  198  16:09  Zerg Missile Weapons Level 3  
  190  16:16  Brood Lord x8  
  190  16:18  Baneling x5  
  197  16:20  Infestor x2  
  197  16:21  Infestor  
  190  16:31  Brood Lord x4  
  189  16:34  Drone  
  189  16:35  Drone x2  
  189  16:37  Corruptor x2  
  189  16:39  Viper  
  194  16:40  Viper  
  200  16:48  Spore Crawler x2  
  198  16:55  Spore Crawler  
  198  16:56  Extractor  
  198  16:57  Extractor  
  198  16:58  Overseer  
  188  17:03  Infestor x2  
  188  17:07  Zergling x2  
  188  17:08  Zergling x14  
  190  17:26  Drone x3  
  193  17:33  Zergling x22  
  194  17:49  Zergling x2  
  194  17:50  Zergling x20  
  183  17:54  Zergling x22  
  188  18:04  Baneling x13  
  188  18:12  Zergling x22  
  199  18:13  Baneling  
  199  18:14  Baneling x6  
  199  18:16  Baneling x4  
  199  18:17  Zerg Flyer Armor Level 2, Zerg Flyer Weapons Level 2  
  195  18:37  Infestor x2  
  157  18:50  Zergling x2  
  157  18:51  Zergling x24, Overseer  
  157  18:53  Overseer  
  158  18:59  Zergling x32  
  164  19:16  Baneling x8  
  164  19:17  Zergling x2, Ultralisk, Baneling  
  164  19:18  Zergling x20  
  164  19:23  Baneling x3  
  164  19:24  Baneling x6  
  173  19:26  Drone x3  
  170  19:33  Ultralisk  
  170  19:34  Zergling x12, Ultralisk x2  
  184  19:47  Infestor x2  
  184  19:48  Zergling x20  
  184  19:49  Baneling x9  
  198  20:00  Spore Crawler, Drone x2  
  198  20:03  Baneling x8  
  198  20:05  Baneling x7  
  196  20:36  Zergling x6  
  196  20:38  Infestor  
  162  20:50  Infestor  
  162  20:52  Zergling x42  
  162  20:53  Zergling x6  
  164  21:01  Zergling x10, Ultralisk x3  
  166  21:10  Zergling x14, Ultralisk x3  
  183  21:17  Zergling x18, Ultralisk  
  194  21:20  Infestor  
  165  21:34  Baneling x2  
  165  21:35  Baneling x11  
  165  21:36  Zergling x34  
  165  21:37  Zergling x2  
  183  21:42  Baneling  
  183  21:43  Overseer, Baneling x9  
  183  21:47  Zergling x8  
Tags
 
Add a new tag
Caveats
  • Supply blocks, unpowered buildings, or Contaminate may cause inaccurate times.
  • Supply counts are checked every 10 seconds.